 Dungeon Crawl Stone Soup version 0.27.0-1-g7a089689b8 (webtiles) character file.

Game seed: 17887100917513843467

355 inmateoo the Skirmisher (level 6, 0/79 HPs)
             Began as a Gnoll Wanderer on Aug 2, 2021.
             Killed by divine providence
             ... invoked by an orc priest
              (14 damage)
             ... on level 3 of the Dungeon.
             The game lasted 00:03:14 (2502 turns).

inmateoo the Skirmisher (Gnoll Wanderer)            Turns: 2502, Time: 00:03:15

Health: 0/79       AC: 27    Str: 11    XL:     6   Next: 63%
Magic:  14/14      EV:  2    Int: 13    God:
Gold:   114        SH:  0    Dex: 12    Spells: 9/15 levels left

rFire    . . .     SeeInvis .   c - +2 dagger (venom)
rCold    . . .     Faith    .   (no shield)
rNeg     + + +     Spirit   .   (armour currently unavailable)
rPois    +         Reflect  .   (helmet currently unavailable)
rElec    .         Harm     .   (cloak currently unavailable)
rCorr    .         Rampage  .   (gloves currently unavailable)
Will     .....     NoTele   +   (boots currently unavailable)
Stlth    ++........             (no amulet)
HPRegen  0.23/turn              h - +4 ring of protection
MPRegen  0.14/turn              (no ring)

@: tree-form
A: stationary, stasis, torment immunity, boosted hp, (fangs 1), strong nose,
distributed training
a: no special abilities


You were on level 3 of the Dungeon.
You were a tree.
You visited 1 branch of the dungeon, and saw 3 of its levels.

You collected 114 gold pieces.

Inventory:

Hand Weapons
 a - a +0 mace of freezing
 c - a +2 dagger of venom (weapon)
Missiles
 e - 35 poisoned darts
 n - 3 boomerangs (quivered)
Armour
 b - a +0 ring mail (melded)
 d - a +1 hat (melded)
 g - a +2 cloak of stealth (melded)
Jewellery
 h - a +4 ring of protection (left branch)
Scrolls
 i - 2 scrolls of identify
 l - a scroll of fear {unknown}
 m - a scroll of holy word {unknown}
 o - 2 scrolls of teleportation
Potions
 f - a potion of attraction
 k - 2 potions of resistance
 p - a potion of flight {unknown}


   Skills:
 + Level 6.8 Fighting
 + Level 2.0 Short Blades
 + Level 2.0 Long Blades
 + Level 2.0 Axes
 + Level 5.0 Maces & Flails
 + Level 2.0 Polearms
 + Level 2.0 Staves
 + Level 2.0 Slings
 + Level 2.0 Bows
 + Level 2.0 Crossbows
 + Level 2.0 Throwing
 + Level 2.0 Armour
 + Level 2.0 Dodging
 + Level 3.1 Stealth
 + Level 3.3 Shields
 + Level 2.0 Unarmed Combat
 + Level 5.4 Spellcasting
 + Level 1.6 Conjurations
 + Level 1.6 Hexes
 + Level 1.6 Summonings
 + Level 1.6 Necromancy
 + Level 1.6 Translocations
 + Level 1.6 Transmutations
 + Level 1.6 Fire Magic
 + Level 1.6 Ice Magic
 + Level 1.6 Air Magic
 + Level 2.7 Earth Magic
 + Level 1.6 Poison Magic
 + Level 2.2 Invocations
 + Level 2.0 Evocations


You had 9 spell levels left.
You knew the following spells:

 Your Spells              Type           Power      Damage    Failure   Level
a - Sandblast             Erth           20%        2d7       6%          1
b - Passwall              Tmut/Erth      7%         N/A       11%         2
c - Stone Arrow           Conj/Erth      18%        3d8       22%         3

Your spell library contained the following spells:

 Spells                   Type           Power      Damage    Failure   Level
 Petrify                  Tmut/Erth      9%         N/A       58%         4


Dungeon Overview and Level Annotations

Branches:
Dungeon (3/15)

Altars:

Shops:
D:1 [

Annotations:
D:3 1 runed translucent door


Innate Abilities, Weirdness & Mutations

You are a tree.
Your roots penetrate the ground, keeping you stationary.
You cannot be teleported.
You are immune to unholy pain and torment.
Your maximum health is greatly increased.
Your equipment is partially melded.
((You have very sharp teeth.))
Your uncanny sense of smell can sniff out nearby items.
Your experience applies equally to all skills.


Message History

You closely miss the orc. You bite the orc, but do no damage.
The orc wizard hits you but does no damage.
The orc hits you with a +0 hand axe.
The orc priest hits you but does no damage.
The orc wizard misses you. The endoplasm freezes you.
You are frozen.
You barely miss the orc wizard. The endoplasm freezes you.
You are frozen.
The orc priest begins to cast a cantrip, but forgets the words!
The orc wizard hits you with a +0 dagger.
The orc barely misses you.
You bump into the rock wall.
The endoplasm hits you but does no damage.
The orc priest hits you but does no damage.
The orc wizard barely misses you. The orc closely misses you.
You bump into the rock wall.
You feel less confused. The endoplasm freezes you.
You are frozen.
The orc priest barely misses you. The orc wizard barely misses you.
The orc closely misses you. The endoplasm freezes you.
You are frozen.
The orc priest misses you.
The endoplasm jiggles.
The endoplasm freezes you.
You are frozen.
The orc priest invokes the aid of Beogh against you.
Beogh smites you!
* * * LOW HITPOINT WARNING * * *
The orc priest looks encouraged for a moment.
Really quaff the potion of lignification?
You turn into a tree.
Your +2 cloak of stealth melds into your body.
Your +1 hat melds into your body.
Your +0 ring mail melds into your body.
You feel less stealthy.
Your roots penetrate the ground.
The endoplasm hits you but does no damage.
The orc priest calls down the wrath of Beogh upon you.
Beogh smites you!
You die...

#..............# .#..........#
#...<....##....# ∆ #.############
.......).##....#####.............
#........##......#..(......####..
...###.#.##......####.........'..
.......#.........# #......####..
...#...#.........# #####.#######
...#...#.........# #.#.....#
...#...#.###+#..♣########.#.....#
...#...#......###Jo.....#.#<.....
...#...#.........o.o.............
.).#...#......###.......#.#......
..##...#+### #..........#.##.###.
.......... #.......####....###.
.......... .....................
.....##... ∆................####.
.....# . ................# ##


You could see an orc priest (poisoned), an orc wizard, an orc and an endoplasm.

Vanquished Creatures
  Sigmund (D:2)
  A hound (D:3)
  Jessica (D:2)
  3 gnolls (D:2)
  4 adders
  A worm (D:2)
  2 dart slugs (D:1)
  5 orcs (D:3)
  4 endoplasms
  3 giant cockroaches
  6 hobgoblins
  2 jackals (D:1)
  8 kobolds
  6 ball pythons
  8 bats
  3 frilled lizards
  6 goblins
  4 rats
68 creatures vanquished.

Notes
Turn   | Place    | Note
-------+----------+-------------------------------------------
     0 | D:1      | inmateoo the Gnoll Wanderer began the quest for the Orb.
     0 | D:1      | inmateoo set off with the following items: a +0 mace, a +0
                  | ring mail; and the following spell memorised: Sandblast;
                  | and the following spells available to memorise: Passwall,
                  | Stone Arrow, Petrify
     0 | D:1      | Reached XP level 1. HP: 23/23 MP: 6/6
    67 | D:1      | Reached XP level 2. HP: 22/29 MP: 7/7
   467 | D:1      | Found Xubann's Antique Armour Shoppe.
   783 | D:1      | Reached XP level 3. HP: 35/35 MP: 9/9
   851 | D:1      | Reached skill level 5 in Spellcasting
  1282 | D:2      | Found a faded altar of an unknown god.
  1288 | D:2      | Noticed Jessica
  1300 | D:2      | Reached skill level 1 in Invocations
  1300 | D:2      | Noticed Sigmund
  1363 | D:2      | Reached skill level 1 in Short Blades
  1363 | D:2      | Reached skill level 1 in Long Blades
  1363 | D:2      | Reached skill level 1 in Axes
  1363 | D:2      | Reached skill level 1 in Polearms
  1363 | D:2      | Reached skill level 1 in Staves
  1363 | D:2      | Reached skill level 1 in Slings
  1363 | D:2      | Reached skill level 1 in Bows
  1363 | D:2      | Reached skill level 1 in Crossbows
  1363 | D:2      | Reached skill level 1 in Throwing
  1363 | D:2      | Reached skill level 1 in Armour
  1363 | D:2      | Reached skill level 1 in Dodging
  1363 | D:2      | Reached skill level 1 in Unarmed Combat
  1363 | D:2      | Reached skill level 1 in Evocations
  1461 | D:2      | Learned a level 2 spell: Passwall
  1465 | D:2      | Learned a level 3 spell: Stone Arrow
  1465 | D:2      | Identified a scroll of acquirement
  1465 | D:2      | Acquired a +2 cloak of stealth
  1507 | D:2      | Reached XP level 4. HP: 41/41 MP: 11/11
  1525 | D:2      | Killed Sigmund
  1526 | D:2      | Reached skill level 1 in Conjurations
  1526 | D:2      | Reached skill level 1 in Hexes
  1526 | D:2      | Reached skill level 1 in Summonings
  1526 | D:2      | Reached skill level 1 in Necromancy
  1526 | D:2      | Reached skill level 1 in Translocations
  1526 | D:2      | Reached skill level 1 in Transmutations
  1526 | D:2      | Reached skill level 1 in Fire Magic
  1526 | D:2      | Reached skill level 1 in Ice Magic
  1526 | D:2      | Reached skill level 1 in Air Magic
  1526 | D:2      | Reached skill level 1 in Poison Magic
  1526 | D:2      | Reached XP level 5. HP: 44/47 MP: 12/12
  1530 | D:2      | Reached XP level 6. HP: 51/53 MP: 13/13
  1816 | D:2      | Killed Jessica
  1923 | D:2      | Reached skill level 5 in Maces & Flails
  2048 | D:3      | Found a runed translucent door.
  2502 | D:3      | Killed from afar by an orc priest

Illustrated notes

Levels and vault maps discovered:
D:1:      dpeg_arrival_round_c, layout_basic, serial_shops,
          nicolae_shop_overgrown_old_shop
D:2:      layout_loops_ring, ebering_ecumenical_altar_webs, minmay_tripent,
          uniq_sigmund, uniq_jessica
D:3:      layout_basic, ebering_ghost_reflecting_pool, feat_on_display

Skill      XL: |  1  2  3  4  5  6 |
---------------+-------------------+-----
Earth Magic    | 2 |  2.7
Spellcasting   | 5 |  5.4
Invocations    | 1 2 |  2.2
Short Blades   | 1 2 |  2.0
Long Blades    | 1 2 |  2.0
Axes           | 1 2 |  2.0
Polearms       | 1 2 |  2.0
Staves         | 1 2 |  2.0
Slings         | 1 2 |  2.0
Bows           | 1 2 |  2.0
Crossbows      | 1 2 |  2.0
Throwing       | 1 2 |  2.0
Armour         | 1 2 |  2.0
Dodging        | 1 2 |  2.0
Unarmed Combat | 1 2 |  2.0
Evocations     | 1 2 |  2.0
Shields        | 3 |  3.3
Conjurations   | 1 |  1.6
Hexes          | 1 |  1.6
Summonings     | 1 |  1.6
Necromancy     | 1 |  1.6
Translocations | 1 |  1.6
Transmutations | 1 |  1.6
Fire Magic     | 1 |  1.6
Ice Magic      | 1 |  1.6
Air Magic      | 1 |  1.6
Poison Magic   | 1 |  1.6
Stealth        | 3 |  3.1
Maces & Flails | 5 |  5.0
Fighting       | |  6.8

Action                   |  1- 3 |  4- 6 || total
-------------------------+-------+-------++-------
Melee: Mace              |    26 |       ||    26
       Bite              |     5 |    10 ||    15
       Dagger            |    61 |   106 ||   167
       Punch             |       |     1 ||     1
Throw: Boomerang         |       |     2 ||     2
  Use: Scroll            |     5 |     1 ||     6
       Potion            |       |     1 ||     1
 Stab: Sleeping          |     1 |     7 ||     8
Armor: Ring mail         |    36 |    58 ||    94
       Skin              |       |     1 ||     1
Dodge: Dodged            |    48 |    70 ||   118
